 Dungeon Crawl Stone Soup version 0.27-a0-277-g024f7ef292 (webtiles) character file.

Game seed: 7292040765038789337

161 dolemite99 the Firebug (level 5, -7/37 HPs)
             Began as a Gnoll Fire Elementalist on Feb 6, 2021.
             Was a Follower of Yredelemnul.
             Shot with an arrow by a centaur (12 damage)
             ... on level 3 of the Dungeon.
             The game lasted 00:03:39 (3205 turns).

dolemite99 the Firebug (Gnoll Fire Elementalist)    Turns: 3205, Time: 00:03:39

Health: -7/37      AC:  3    Str:  7    XL:     5   Next: 42%
Magic:  9/12       EV: 14    Int: 15    God:    Yredelemnul [*.....]
Gold:   79         SH:  0    Dex: 13    Spells: 13/14 levels left

rFire    . . .     SeeInvis .   g - +0 dagger
rCold    . . .     Faith    .   (no shield)
rNeg     . . .     Spirit   .   a - +0 robe
rPois    .         Reflect  .   (no helmet)
rElec    .         Harm     .   (no cloak)
rCorr    .         Rampage  .   o - +0 pair of gloves
Will     .....                  (no boots)
Stlth    +++.......             (no amulet)
HPRegen  0.12/turn              (no ring)
MPRegen  0.13/turn              (no ring)

@: brilliant
A: distributed training, fangs 1, strong nose
a: Renounce Religion, Animate Remains


You were on level 3 of the Dungeon.
You worshipped Yredelemnul.
Yredelemnul was aware of your devotion.
You visited 1 branch of the dungeon, and saw 4 of its levels.

You collected 79 gold pieces.

Inventory:

Hand Weapons
 c - a +0 dagger
 g - a +0 dagger (weapon)
 k - a +0 spear
 r - a +0 flail
Missiles
 d - 59 stones
 e - 24 poisoned darts
 j - 18 sling bullets
Armour
 a - a +0 robe (worn)
 o - a +0 pair of gloves (worn)
 t - a +2 leather armour of fire resistance
Scrolls
 f - 4 scrolls of identify {unknown}
 h - a scroll of amnesia {unknown}
 i - 3 scrolls of remove curse {unknown}
 l - 2 scrolls of fog {unknown}
 n - a scroll of random uselessness {unknown}
Potions
 b - 2 potions of brilliance
 m - a potion of might {unknown}
 p - 2 potions of attraction {unknown}
 q - a potion of cancellation {unknown}
 s - a potion of lignification {unknown}
 u - a potion of ambrosia {unknown}


   Skills:
 + Level 1.4 Fighting
 + Level 1.4 Short Blades
 + Level 1.4 Long Blades
 + Level 1.4 Axes
 + Level 1.4 Maces & Flails
 + Level 1.4 Polearms
 + Level 1.4 Staves
 + Level 1.4 Slings
 + Level 1.4 Bows
 + Level 1.4 Crossbows
 + Level 1.4 Throwing
 + Level 1.4 Armour
 + Level 4.8 Dodging
 + Level 4.4 Stealth
 + Level 1.4 Shields
 + Level 1.4 Unarmed Combat
 + Level 5.2 Spellcasting
 + Level 2.4 Conjurations
 + Level 1.1 Hexes
 + Level 1.1 Summonings
 + Level 1.1 Necromancy
 + Level 1.1 Translocations
 + Level 1.1 Transmutations
 + Level 5.5 Fire Magic
 + Level 1.1 Ice Magic
 + Level 1.1 Air Magic
 + Level 1.1 Earth Magic
 + Level 1.1 Poison Magic
 + Level 1.6 Invocations
 + Level 1.4 Evocations


You had 13 spell levels left.
You knew the following spells:

 Your Spells              Type           Power        Failure   Level
a - Foxfire               Conj/Fire      92%          3%          1

Your spell library contained the following spells:

 Spells                   Type           Power        Failure   Level
 Conjure Flame            Conj/Fire      23%          10%         3
 Inner Flame              Hex/Fire       21%          12%         3
 Sticky Flame             Conj/Fire      23%          30%         4
 Fireball                 Conj/Fire      11%          65%         5


Dungeon Overview and Level Annotations

Branches:
Dungeon (4/15)
 Temple: D:4-7

Altars:
Fedhas
Yredelemnul


Innate Abilities, Weirdness & Mutations

Your experience applies equally to all skills.
You have very sharp teeth.
Your uncanny sense of smell can sniff out nearby items.


Message History

You kill the kobold!
Yredelemnul accepts your kill.
It was a potion of brilliance.
You feel clever all of a sudden.
The foxfire hits the centaur.
The centaur is lightly wounded.
The centaur shoots an arrow.
The arrow misses you.
Casting: Foxfire (safe; 3% risk of failure)
Confirm with . or Enter, or press ? or * to list all spells.
You feel a surge of power!
You conjure some foxfire!
The centaur shoots an arrow.
The arrow hits you!
* * * LOW HITPOINT WARNING * * *
The centaur shoots an arrow.
The arrow barely misses you. The arrow hits your foxfire!
Your foxfire dissipates!
The foxfire hits the centaur.
The centaur is moderately wounded.
The centaur shoots an arrow.
The arrow hits you!
You die...
Your body rises from the dead as a mindless zombie.

#.........################
...... #...#.##....#..#.##
#...# #..>#.....#.....#
#..#...#####.....÷.....#...##
#........>..##........###..#
.........##...###.....#.####.#
#<.....).##.#..............####
#...$.......#..............###.
.......).#..#.@..##.###.#......
...........##.§.###.# #.#......
........†..##)..# #.# #.#......
......g.....c...# #.# #...##...
........####### ### ##.###...
....†...# #####... ........#
#..... .......## ∆ ∆ #..##.
....... #..###


You could see a centaur.

Vanquished Creatures
  A hound (D:3)
  Robin (D:2)
  4 adders
  An ooze (D:2)
  2 worms (D:2)
  A dart slug (D:1)
  3 leopard geckos
  An orc (D:3)
  3 giant cockroaches
  16 goblins
  5 hobgoblins
  A quokka (D:2)
  A ball python (D:1)
  7 bats
  4 frilled lizards
  10 kobolds
  10 rats
71 creatures vanquished.

Vanquished Creatures (others)
  147 foxfires
  14 plants (D:3)
161 creatures vanquished.

Grand Total: 232 creatures vanquished

Notes
Turn   | Place    | Note
-------+----------+-------------------------------------------
     0 | D:1      | dolemite99 the Gnoll Fire Elementalist began the quest for
                  | the Orb.
     0 | D:1      | Reached XP level 1. HP: 13/13 MP: 6/6
   210 | D:1      | Reached XP level 2. HP: 19/19 MP: 5/7
   778 | D:1      | Reached XP level 3. HP: 24/25 MP: 6/9
   894 | D:1      | Reached skill level 5 in Spellcasting
  1053 | D:1      | Reached skill level 1 in Invocations
  1580 | D:2      | Reached skill level 1 in Fighting
  1580 | D:2      | Reached skill level 1 in Short Blades
  1580 | D:2      | Reached skill level 1 in Long Blades
  1580 | D:2      | Reached skill level 1 in Axes
  1580 | D:2      | Reached skill level 1 in Maces & Flails
  1580 | D:2      | Reached skill level 1 in Polearms
  1580 | D:2      | Reached skill level 1 in Staves
  1580 | D:2      | Reached skill level 1 in Slings
  1580 | D:2      | Reached skill level 1 in Bows
  1580 | D:2      | Reached skill level 1 in Crossbows
  1580 | D:2      | Reached skill level 1 in Throwing
  1580 | D:2      | Reached skill level 1 in Armour
  1580 | D:2      | Reached skill level 1 in Shields
  1580 | D:2      | Reached skill level 1 in Unarmed Combat
  1580 | D:2      | Reached skill level 1 in Evocations
  1725 | D:2      | Found a basalt altar of Yredelemnul.
  1734 | D:2      | Became a worshipper of Yredelemnul the Dark
  1738 | D:2      | Noticed Robin
  1773 | D:2      | Reached XP level 4. HP: 32/32 MP: 8/11
  2284 | D:2      | Killed Robin
  2285 | D:2      | Reached skill level 1 in Hexes
  2285 | D:2      | Reached skill level 1 in Summonings
  2285 | D:2      | Reached skill level 1 in Necromancy
  2285 | D:2      | Reached skill level 1 in Translocations
  2285 | D:2      | Reached skill level 1 in Transmutations
  2285 | D:2      | Reached skill level 1 in Ice Magic
  2285 | D:2      | Reached skill level 1 in Air Magic
  2285 | D:2      | Reached skill level 1 in Earth Magic
  2285 | D:2      | Reached skill level 1 in Poison Magic
  2638 | D:2      | Reached XP level 5. HP: 37/37 MP: 10/12
  2842 | D:2      | Found a blossoming altar of Fedhas.
  2954 | D:4      | Noticed an ogre
  3191 | D:3      | Reached * piety under Yredelemnul
  3193 | D:3      | Noticed a centaur
  3205 | D:3      | Shot with an arrow by a centaur

Illustrated notes

Levels and vault maps discovered:
D:1:      dpeg_arrival_erosion, layout_basic
D:2:      layout_rooms, fedhas_altar_fruit_tree, old_standard_altar, uniq_robin
D:3:      layout_rooms, serial_corexii_hall, corexii_hall_statues_i,
          chequers_hall_statues_wall_a, lexackson_kobold_supper
D:4:      layout_cave_pools, nicolae_overflow_hidden_temple

Skill      XL: |  1  2  3  4 |
---------------+-------------+-----
Conjurations   | 2 |  2.4
Spellcasting   | 5 |  5.2
Invocations    | 1 |  1.6
Fighting       | 1 |  1.4
Short Blades   | 1 |  1.4
Long Blades    | 1 |  1.4
Axes           | 1 |  1.4
Maces & Flails | 1 |  1.4
Polearms       | 1 |  1.4
Staves         | 1 |  1.4
Slings         | 1 |  1.4
Bows           | 1 |  1.4
Crossbows      | 1 |  1.4
Throwing       | 1 |  1.4
Armour         | 1 |  1.4
Shields        | 1 |  1.4
Unarmed Combat | 1 |  1.4
Evocations     | 1 |  1.4
Hexes          | 1 |  1.1
Summonings     | 1 |  1.1
Necromancy     | 1 |  1.1
Translocations | 1 |  1.1
Transmutations | 1 |  1.1
Ice Magic      | 1 |  1.1
Air Magic      | 1 |  1.1
Earth Magic    | 1 |  1.1
Poison Magic   | 1 |  1.1
Dodging        | |  4.8
Stealth        | |  4.4
Fire Magic     | |  5.5

Action                   |  1- 3 |  4- 6 || total
-------------------------+-------+-------++-------
Melee: Dagger            |     4 |     8 ||    12
       Bite              |       |     1 ||     1
 Cast: Foxfire           |    43 |    52 ||    95
  Use: Potion            |       |     1 ||     1
Armor: Robe              |     9 |     7 ||    16
Dodge: Dodged            |    35 |    57 ||    92

Table legend: (Time is in decaauts)
 A = Elapsed time spent in this place.
 B = Non-inter-level travel time spent in this place.
 C = Inter-level travel time spent in this place.
 D = Time resting spent in this place.
 E = Time spent auto-exploring this place.
 F = Levels seen in this place.
 G = Mean time per level.
                   A        B        C        D        E       F      G
               +--------+--------+--------+--------+--------+-----+--------+
         Total |   3208 |   3162 |     46 |   1287 |   1181 |   4 |  802.0 |
       Dungeon |   3208 |   3162 |     46 |   1287 |   1181 |   4 |  802.0 |
               +--------+--------+--------+--------+--------+-----+--------+

Top non-repeatable levels by time:
     D:1: 1615 daAuts
     D:2: 1275 daAuts
     D:3: 313 daAuts
     D:4: 4 daAuts
